 Dungeon Crawl Stone Soup version 0.17.0-28-g6e173f8 (webtiles) character file.

308 homeworkjunkie the Covert (level 6, 0/30 HPs)
             Began as a Spriggan Assassin on Nov 23, 2015.
             Killed by divine providence
             ... invoked by an orc priest
              (15 damage)
             ... on level 3 of the Dungeon.
             The game lasted 00:05:43 (3333 turns).

homeworkjunkie the Covert (Spriggan Assassin)       Turns: 3333, Time: 00:05:44

Health: 0/30       AC:  3    Str:  7    XL:     6   Next: 16%
Magic:  7/7        EV: 20    Int: 12    God:
Gold:   194        SH:  0    Dex: 20    Spells: 0 memorised, 5 levels left

rFire  . . .     SeeInvis +     a - +2 dagger
rCold  . . .     Clarity  .     c - +0 robe
rNeg   . . .     SustAt   .     (shield restricted)
rPois  .         Gourm    .     (helmet restricted)
rElec  .         Spirit   .     d - +0 cloak
rCorr  .         Warding  .     (gloves unavailable)
rMut   .         Stasis   .     (boots unavailable)
MR     +....                    (no amulet)
Stlth  +++++.....               (no ring)
                                r - ring of flight

@: very quick, somewhat resistant to hostile enchantments, quite stealthy
A: unfitting armour, see invisible, herbivore 3, speed 3, slow metabolism 2
a: Evoke Flight


You were on level 3 of the Dungeon.
You were not hungry.

You visited 1 branch of the dungeon, and saw 4 of its levels.

You collected 194 gold pieces.

Inventory:

Hand Weapons
 a - a +2 dagger (weapon)
 b - a +1 blowgun
Missiles
 f - 2 curare-tipped needles
 l - a poisoned needle
 p - 4 tomahawks (quivered)
 s - 21 sling bullets
Armour
 c - a +0 robe (worn)
 d - a +0 cloak (worn)
Jewellery
 r - a ring of flight (left hand)
Wands
 o - a wand of confusion (25)
 t - a wand of random effects (40)
Scrolls
 i - 3 scrolls of enchant armour {unknown}
 k - a scroll of fear
 q - a scroll of magic mapping {unknown}
Potions
 j - 2 potions of brilliance
 m - a potion of curing
 n - a potion of cancellation
 u - a potion of poison {unknown}
Comestibles
 g - 3 bread rations


   Skills:
 * Level 2.0 Fighting
 * Level 3.1 Short Blades
 * Level 3.0 Throwing
 * Level 4.4 Dodging
 * Level 8.8 Stealth


You had 5 spell levels left.
You didn't know any spells.

Dungeon Overview and Level Annotations

Branches:
Dungeon (4/15)
 Temple: D:4-7

Altars:
Kikubaaqudgha
Makhleb
Nemelex Xobeh
Qazlal
Vehumet


Innate Abilities, Weirdness & Mutations

You are tiny and cannot use many weapons and most armour.
You have supernaturally acute eyesight.
You are a herbivore.
You cover ground extremely quickly.
You need consume almost no food.


Message History

The orc priest calls upon Beogh to heal the orc wizard.
The orc wizard's wounds heal themselves!
The orc wizard misses you.
You hit the orc priest.
The orc priest is moderately wounded.
The orc priest calls down the wrath of Beogh upon you.
Something smites you! The orc wizard misses you.
You hit the orc priest.
The orc priest is heavily wounded.
The orc priest misses you.
You hit the orc priest.
The orc priest is severely wounded.
The orc wizard hits you but does no damage.
You hit the orc priest.
The orc priest is almost dead.
The orc priest looks more healthy.
The orc priest calls down the wrath of Beogh upon you.
Something smites you!
Ouch! That really hurt!
You die...

###### #....# #....#
###....###########
.......'.(..>.(o@#
.......###.#...o.#
##.....# #.#.....#
.#.#####################
.#.#...................#
.###..#...#...#...#...###
.'.#_...................#
.#.#..#...#..)#...#[..#.#
.#.#....................#


You could see an orc priest and an orc wizard.

Vanquished Creatures
  Menkaure (D:4)
  Jessica (D:3)
  Terence (D:3)
  Natasha (thrice) (D:3)
  4 adders (D:3)
  3 worms
  2 giant geckos
  2 orcs (D:3)
  8 bats
  2 giant cockroaches
  13 goblins
  5 hobgoblins
  7 kobolds
  A ball python (D:2)
  3 giant newts
  4 rats
60 creatures vanquished.

Notes
Turn   | Place    | Note
--------------------------------------------------------------
     0 | D:1      | homeworkjunkie the Spriggan Assassin began the quest for the Orb.
     0 | D:1      | Reached XP level 1. HP: 10/10 MP: 2/2
    10 | D:1      | Reached skill level 6 in Stealth
   172 | D:1      | Reached XP level 2. HP: 14/14 MP: 3/3
   730 | D:1      | Reached skill level 7 in Stealth
  1004 | D:2      | Found a sparkling altar of Nemelex Xobeh.
  1043 | D:2      | Reached XP level 3. HP: 18/18 MP: 4/4
  1184 | D:3      | Noticed Terence
  1609 | D:3      | Killed Terence
  1634 | D:3      | Reached XP level 4. HP: 21/23 MP: 5/5
  1798 | D:3      | Reached skill level 8 in Stealth
  1899 | D:3      | Found a burning altar of Makhleb.
  1899 | D:3      | Found a radiant altar of Vehumet.
  1900 | D:3      | Found an ancient bone altar of Kikubaaqudgha.
  1930 | D:3      | Noticed Jessica
  1944 | D:3      | Killed Jessica
  2158 | D:4      | Noticed Menkaure
  2160 | D:4      | Killed Menkaure
  2160 | D:4      | Reached XP level 5. HP: 26/26 MP: 6/6
  2614 | D:3      | Noticed Natasha
  2617 | D:3      | Found a stormy altar of Qazlal.
  2644 | D:3      | Killed Natasha
  2644 | D:3      | Reached XP level 6. HP: 4/30 MP: 7/7
  2869 | D:3      | Noticed Natasha
  2872 | D:3      | Killed Natasha
  3214 | D:3      | Noticed Natasha
  3222 | D:3      | Killed Natasha
  3333 | D:3      | Killed from afar by an orc priest

Action                   |  1- 3 |  4- 6 || total
-------------------------+-------+-------++-------
Melee: Dagger            |    71 |    74 ||   145
 Fire: Blowgun           |    12 |    26 ||    38
Evoke: Wand              |     1 |       ||     1
  Use: Scroll            |     7 |     3 ||    10
 Stab: Sleeping          |    19 |     4 ||    23
       Confused          |     1 |       ||     1
       Distracted        |       |     1 ||     1
